 Dungeon Crawl Stone Soup version 0.29.1-15-g9cfb28693d (webtiles) character file.

Game seed: 16609571628781697908

2 tizbic2 the Gusty (level 1, -2/10 HPs)
             Began as a Gargoyle Air Elementalist on Apr 22, 2023.
             Slain by a quokka (4 damage)
             ... on level 1 of the Dungeon.
             The game lasted 00:01:08 (189 turns).

tizbic2 the Gusty (Gargoyle Air Elementalist)        Turns: 189, Time: 00:01:09

Health: -2/10      AC:  5    Str: 11    XL:     1   Next: 40%
Magic:  0/3        EV: 11    Int: 15    God:
Gold:   15         SH:  0    Dex: 10    Spells: 3/4 levels left

rFire   . . .      SeeInvis .   (no weapon)
rCold   . . .      Faith    .   (no shield)
rNeg    + . .      Spirit   .   c - +0 leather armour
rPois   ∞          Reflect  .   (no helmet)
rElec   +          Harm     .   (no cloak)
rCorr   .          Rampage  .   (no gloves)
Will    .....                   (no boots)
Stlth   ++........              (no amulet)
HPRegen 0.03/turn               (no ring)
MPRegen 0.08/turn               (no ring)

@: no status effects
A: sickness immunity, AC +2, negative energy resistance 1, electricity
resistance, torment resistance 1, petrification resistance
a: no special abilities


You were on level 1 of the Dungeon.
You visited 1 branch of the dungeon, and saw 2 of its levels.

You collected 15 gold pieces.

Inventory:

Armour
 c - a +0 leather armour (worn)
Jewellery
 f - a ring of wizardry
Scrolls
 e - a scroll of identify {unknown}
Potions
 a - a potion of degeneration {unknown}
 b - a potion of magic
 d - a potion of resistance {unknown}


   Skills:
 + Level 0.2 Fighting
 - Level 1.5 Dodging
 - Level 2.1 Stealth
 + Level 2.0 Spellcasting
 - Level 1.1 Conjurations
 * Level 2.5 Air Magic


You had 3 spell levels left.
You knew the following spells:

 Your Spells              Type           Power      Damage    Failure   Level
a - Shock                 Conj/Air       24%        1d4       14%         1

Your spell library contained the following spells:

 Spells                   Type           Power      Damage    Failure   Level
 Static Discharge         Conj/Air       6%         3-4/arc   22%         2
 Poisonous Vapours        Pois/Air       10%        N/A       26%         2
 Sting                    Tmut/Pois      4%         1d3       28%         1
 Swiftness                Air            9%         N/A       30%         3
 Airstrike                Air            4%         2d(1-17)  71%         4
 Olgreb's Toxic Radiance  Pois           1%         N/A       96%         4


Dungeon Overview and Level Annotations

Branches:
Dungeon (2/15)

Altars:

Annotations:
D:2 Natasha


Innate Abilities, Weirdness & Mutations

You are immune to sickness and miasma.
Your stone body is resilient. (AC +2)
You are immune to poison.
You resist negative energy. (rN+)
You are resistant to electric shocks. (rElec)
You are resistant to unholy torment.
You are immune to petrification.


Message History

The quokka bites you but does no damage.
The dart slug barely misses you. The dart slug launches a dart at you.
The slug dart hits you. The quokka attacks as you move away!
The quokka bites you.
There is a stone staircase leading up here.
The quokka misses you.
The crimson imp blinks!
You climb upwards.
Found a scroll labelled ZIOSECZ NAINY.
There is a stone staircase leading down here.
Casting: Shock (safe; 14% risk of failure)
Confirm with . or Enter, or press ? or * to list all spells.
Aiming: Shock (safe; 14% risk of failure)
Press: ? - help, Shift-Dir - straight line, f - quokka
Aim: a quokka (51% to hit)
The zap misses the quokka.
The quokka bites you but does no damage. x2
Casting: Shock (safe; 14% risk of failure)
Confirm with . or Enter, or press ? or * to list all spells.
Aiming: Shock (safe; 14% risk of failure)
Press: ? - help, Shift-Dir - straight line, f/p - quokka
Aim: a quokka (51% to hit)
The zap hits the quokka.
The quokka is moderately wounded.
The quokka barely misses you.
Casting: Shock (safe; 14% risk of failure)
Confirm with . or Enter, or press ? or * to list all spells.
Aiming: Shock (safe; 14% risk of failure)
Press: ? - help, Shift-Dir - straight line, f/p - quokka
Aim: a quokka (moderately wounded, 51% to hit)
The zap misses the quokka.
The quokka closely misses you.
You closely miss the quokka. The quokka barely misses you.
You hit the quokka.
The quokka is moderately wounded.
The quokka bites you.
* * * LOW HITPOINT WARNING * * *
You barely miss the quokka.
The quokka is moderately wounded.
The quokka bites you.
You die...

.......
#######.......
#.............
#.............
#.............
#.............
##......r......
.......@.......
#........######
#........#########
##..?....#.......#
#..##......#####.#
#. #...... #.####
# #...... #....#
......## ####.#
...... #.####


You could see a quokka.

Vanquished Creatures
  A giant cockroach (D:1)
  A goblin (D:1)
2 creatures vanquished.

Notes
Turn   | Place    | Note
-------+----------+-------------------------------------------
     0 | D:1      | tizbic2 the Gargoyle Air Elementalist began the quest for
                  | the Orb.
     0 | D:1      | Reached XP level 1. HP: 10/10 MP: 3/3
   138 | D:1      | You fall into a shaft and drop 1 floor!
   141 | D:2      | Noticed Natasha
   142 | D:2      | Noticed a crimson imp
   145 | D:2      | Noticed a crimson imp
   170 | D:2      | Noticed a crimson imp
   189 | D:1      | Slain by a quokka

Illustrated notes

Levels and vault maps discovered:
D:1:      dpeg_arrival_rooms_c, layout_basic,
          ebering_ecumenical_altar_sacrificial, skrybe_limestone_x
D:2:      layout_rooms, grunt_ministairs_3, uniq_natasha, uniq_robin

Action                   || total
-------------------------++-------
Melee: Unarmed           ||     8
 Cast: Shock             ||     4
Armor: Leather armour    ||     7
       Robe              ||     1
Dodge: Dodged            ||    14
